 Dungeon Crawl Stone Soup version 0.31-a0-1611-g890cdf5 (webtiles) character file.

Game seed: 15851424428495528071

121 PidgeyThePirate the Ruffian (level 4, -4/35 HPs)
             Began as a Demonspawn Chaos Knight on Jan 8, 2024.
             Was a Plaything of Xom.
             Slain by a gnoll
             ... wielding a +0 halberd
              (9 damage)
             ... on level 3 of the Dungeon.
             The game lasted 00:04:53 (2398 turns).

PidgeyThePirate the Ruffian (DsCK)                  Turns: 2398, Time: 00:04:53

Health: -4/35      AC:  8    Str: 15    XL:     4   Next: 77%
Magic:  4/4        EV: 11    Int: 12    God:    Xom [..*...]
Gold:   114        SH:  0    Dex: 12    Spells: 3/3 levels left

rFire   . .          .
                       - Unarmed
rCold   . . .        (no shield)
rNeg    . . .        a - +2 leather armour
rPois   .            (helmet restricted)
rElec   .            (no cloak)
rCorr   .            n - +0 pair of gloves
SInv    .            j - +1 pair of boots
Will    .....        (no amulet)
Stlth   +            (no ring)
HPRegen 0.25/turn    (no ring)
MPRegen 0.09/turn

%: no passive effects
@: no status effects
A: antennae 1, weakness stinger 1
a: Renounce Religion


You were on level 3 of the Dungeon.
You worshipped Xom.
You were a toy of Xom.
You visited 1 branch of the dungeon, and saw 3 of its levels.

You collected 114 gold pieces.

Inventory:

Armour
 a - a +2 leather armour (worn)
 j - a +1 pair of boots (worn)
 n - a +0 pair of gloves (worn)
Talismans
 f - a serpent talisman
Wands
 k - a wand of paralysis (8)
Scrolls
 b - a scroll of butterflies
 c - a scroll of vulnerability {unknown}
 e - 3 scrolls of identify {unknown}
 h - a scroll of acquirement {unknown}
 i - a scroll of fog {unknown}
 m - a scroll of revelation {unknown}
Potions
 d - 2 potions of mutation {unknown}
 g - a potion of curing {unknown}
 l - a potion of invisibility {unknown}
 o - 2 potions of enlightenment {unknown}


   Skills:
 + Level 3.4 Fighting
 + Level 2.1 Armour
 + Level 1.4 Dodging
 + Level 0.8 Stealth
 * Level 4.1 Unarmed Combat
 * Level 0.8 Shapeshifting


You had 3 spell levels left.
You didn't know any spells.
Your spell library contained the following spells:

 Spells                   Type           Power      Damage    Failure   Level
 Sting                    Conj/Alch      0%         1d3       38%         1
 Mercury Vapours          Alch/Air       0%         N/A       52%         2
 Inner Flame              Hex/Fire       0%         N/A       77%         3
 Mephitic Cloud           Conj/Alch/Air  0%         N/A       77%         3
 Animate Armour           Summ/Erth      0%         N/A       99%         4
 Flame Wave               Conj/Fire      0%         2d4       99%         4
 Olgreb's Toxic Radiance  Alch           0%         N/A       99%         4
 Sticky Flame             Fire/Alch      0%         2d4       99%         4
 Summon Lightning Spire   Summ/Air       0%         N/A       99%         4
 Freezing Cloud           Conj/Ice/Air   0%         6-21      100%        5
 Lee's Rapid Deconstruct  Erth           0%         3d4*      100%        5


Dungeon Overview and Level Annotations

Branches:
Dungeon (3/15)

Altars:
Fedhas


Innate Abilities, Weirdness & Mutations

You have a pair of small antennae on your head.
You have a small tail.


Message History

Done exploring.
You climb downwards.
There is a stone staircase leading up here.
The gnoll hits you but does no damage.
You hit the gnoll.
The gnoll is heavily wounded.
The gnoll hits you but does no damage.
You closely miss the gnoll. You punch the gnoll.
The gnoll is severely wounded.
The gnoll barely misses you.
You hit the gnoll.
You kill the gnoll!
You hit the orc but do no damage.
Your tail-slap misses the orc.
The orc misses you. The gnoll barely misses you.
You punch the orc!
You kill the orc!
The gnoll hits you from afar with a +0 halberd!
The gnoll hits you with a +0 halberd.
Things that are here:
a +0 dagger; a +0 spear; a gnoll corpse You hit the gnoll.
The gnoll is lightly wounded.
The gnoll closely misses you.
You barely miss the gnoll.
The gnoll is lightly wounded.
The gnoll misses you.
You barely miss the gnoll.
The gnoll is lightly wounded.
The gnoll hits you with a +0 halberd!
You barely miss the gnoll. You tail-slap the gnoll.
The gnoll is heavily wounded.
The gnoll hits you with a +0 halberd!
* * * LOW HITPOINT WARNING * * *
You hit the gnoll but do no damage.
The gnoll is heavily wounded.
The gnoll misses you.
You hit the gnoll but do no damage.
The gnoll is heavily wounded.
The gnoll hits you with a +0 halberd!
You die...

#.######'#######.
#........†.......
###.####g####.###
#..##.##..#
#..o..# ###g###
#.#.# #.#.#####
#...g@.<#
#########


You could see a gnoll.

Vanquished Creatures
  Terence (D:2)
  3 gnolls (D:3)
  An adder (D:2)
  A dart slug (D:2)
  A ribbon worm (D:2)
  An orc (D:3)
  5 endoplasms
  A giant cockroach (D:2)
  6 goblins
  4 hobgoblins
  6 kobolds
  4 quokkas
  4 ball pythons
  7 bats
  2 frilled lizards
  5 rats
52 creatures vanquished.

Notes
Turn   | Place    | Note
-------+----------+-------------------------------------------
     0 | D:1      | PidgeyThePirate the Demonspawn Chaos Knight began the quest
                  | for the Orb.
     0 | D:1      | Reached XP level 1. HP: 18/18 MP: 1/1
    15 | D:1      | XOM: smoke on damage
    17 | D:1      | XOM: silly message
   122 | D:1      | XOM: silly message
   127 | D:1      | Reached skill level 3 in Unarmed Combat
   162 | D:1      | Discovered your monstrous ancestry.
   162 | D:1      | Gained mutation: You have a small tail. [demonic ancestry]
   162 | D:1      | Reached XP level 2. HP: 2/24 MP: 2/2
   248 | D:1      | XOM: silly message
  1179 | D:1      | XOM: divination: detect items
  1210 | D:1      | XOM: cloud trail
  1312 | D:2      | Gained mutation: You have a pair of small antennae on your
                  | head. [demonic ancestry]
  1312 | D:2      | Reached XP level 3. HP: 27/29 MP: 3/3
  1447 | D:2      | Found a blossoming altar of Fedhas.
  1486 | D:2      | Noticed Terence
  1505 | D:2      | XOM: potion effect (might)
  1506 | D:2      | XOM: potion effect (invisibility)
  1510 | D:2      | Killed Terence
  1511 | D:2      | Reached skill level 1 in Dodging
  1649 | D:2      | Reached XP level 4. HP: 35/35 MP: 4/4
  2022 | D:2      | Found a faded altar of an unknown god.
  2065 | D:2      | XOM is BORED!
  2065 | D:2      | XOM: silly message
  2242 | D:3      | Reached skill level 4 in Unarmed Combat
  2259 | D:3      | XOM: potion effect (curing)
  2398 | D:3      | Slain by a gnoll

Illustrated notes

Levels and vault maps discovered:
D:1:      elethiomel_arrival_infinity_welcomes_careful_drivers, layout_basic
D:2:      kennysheep_six_static_rooms, layout_basic,
          ebering_ecumenical_altar_hall, basic_altar, uniq_terence
D:3:      layout_basic, lemuel_tele_altar, interstate_on_off,
          kennysheep_generic_room_7

Skill      XL: |  1  2  3  4 |
---------------+-------------+-----
Unarmed Combat | 3 4 |  4.1
Armour         | 2 |  2.1
Dodging        | 1 |  1.4
Fighting       | |  3.4
Stealth        | |  0.8
Shapeshifting  | |  0.8

Action                     |  1- 3 |  4- 6 || total
---------------------------+-------+-------++-------
  Melee: Unarmed           |   119 |    89 ||   208
         Tailslap          |     4 |    10 ||    14
         Punch             |     2 |     6 ||     8
   Stab: Petrified         |     6 |       ||     6
         Invisible         |     2 |       ||     2
 Armour: Leather armour    |    70 |   111 ||   181
  Dodge: Dodged            |    54 |    93 ||   147

Table legend: (Time is in decaauts)
 A = Elapsed time spent in this place.
 B = Non-inter-level travel time spent in this place.
 C = Inter-level travel time spent in this place.
 D = Time resting spent in this place.
 E = Time spent auto-exploring this place.
 F = Levels seen in this place.
 G = Mean time per level.
                   A        B        C        D        E       F      G
               +--------+--------+--------+--------+--------+-----+--------+
         Total |   2385 |   2353 |     32 |      0 |   1733 |   3 |  795.0 |
       Dungeon |   2385 |   2353 |     32 |      0 |   1733 |   3 |  795.0 |
               +--------+--------+--------+--------+--------+-----+--------+

Top non-repeatable levels by time:
     D:1: 1268 daAuts
     D:2: 1013 daAuts
     D:3: 103 daAuts
